 Dungeon Crawl Stone Soup version 0.28.0-53-g5a82cb258f (webtiles) character file.

Game seed: 10254374094185117729

1870 wingedge the Scholar of Death (level 8, 0/67 HPs)
             Began as a Deep Dwarf Necromancer on June 7, 2022.
             Was a Follower of Kikubaaqudgha.
             Shot with an arrow by a centaur (3 damage)
             ... on level 6 of the Dungeon.
             The game lasted 00:30:22 (5814 turns).

wingedge the Scholar of Death (DDNe)                Turns: 5814, Time: 00:30:22

Health: 0/67       AC:  9    Str: 14    XL:     8   Next: 90%
Magic:  22/23 (14) EV: 13    Int: 16    God:    Kikubaaqudgha [*.....]
Gold:   219        SH:  0    Dex: 19    Spells: 8/17 levels left

rFire   . . .      SeeInvis .   k - +2 hand axe (pain)
rCold   . . .      Faith    .   (no shield)
rNeg    . . .      Spirit   .   f - +0 steam dragon scales
rPois   .          Reflect  .   o - +2 helmet
rElec   .          Harm     .   (no cloak)
rCorr   .          Rampage  .   (no gloves)
Will    +....                   (no boots)
Stlth   ++........              (no amulet)
HPRegen 0.00/turn               c - ring of magical power
MPRegen 0.18/turn               l - +6 ring of dexterity

@: very slow
A: damage resistance, heal wounds, sense surroundings 1, no regeneration
a: Heal Wounds, Renounce Religion, Receive Corpses


You were on level 6 of the Dungeon.
You worshipped Kikubaaqudgha.
Kikubaaqudgha was aware of your devotion.
You visited 2 branches of the dungeon, and saw 7 of its levels.

You collected 219 gold pieces.

Inventory:

Hand Weapons
 i - a +0 hunting sling
 k - a +2 hand axe of pain (weapon)
 q - a +0 long sword of freezing
Missiles
 e - 12 bolts
 j - 258 stones
 w - 8 boomerangs
 y - 2 atropa-tipped darts
Armour
 f - +0 steam dragon scales (worn)
 o - a +2 helmet (worn)
Magical Staves
 u - a staff of conjuration
Jewellery
 c - a ring of magical power (left hand)
 l - a +6 ring of dexterity (right hand)
Wands
 r - a wand of digging (8)
Scrolls
 b - 2 scrolls of vulnerability
 d - 2 scrolls of teleportation
 n - 4 scrolls of amnesia
 p - 2 scrolls of immolation {unknown}
 t - a scroll of blinking {unknown}
 v - a scroll of silence {unknown}
 z - a scroll of enchant weapon {unknown}
Potions
 a - a potion of heal wounds {unknown}
 m - a potion of lignification
 s - a potion of mutation {unknown}
 x - a potion of invisibility {unknown}


   Skills:
 - Level 2.0 Fighting
 + Level 4.2 Axes
 - Level 4.0 Armour
 - Level 2.3 Dodging
 - Level 3.4 Stealth
 + Level 5.0 Spellcasting
 * Level 9.5 Necromancy


You had 8 spell levels left.
You knew the following spells:

 Your Spells              Type           Power      Damage    Failure   Level
a - Pain                  Necr           100%       1d9       1%          1
b - Vampiric Draining     Necr           34%        2d8       1%          3
c - Animate Skeleton      Necr           68%        N/A       1%          1
d - Animate Dead          Necr           17%        N/A       3%          4

Your spell library contained the following spells:

 Spells                   Type           Power      Damage    Failure   Level
 Sublimation of Blood     Necr           34%        N/A       1%          2
 Agony                    Necr           34%        N/A       9%          5
 Sandblast                Erth           8%         2d5       16%         1
 Passwall                 Tmut/Erth      3%         N/A       22%         2
 Stone Arrow              Conj/Erth      8%         3d7       41%         3


Dungeon Overview and Level Annotations

Branches:
Dungeon (6/15)             Temple (1/1) D:4

Altars:
Cheibriados
Dithmenos
Fedhas
Gozag
Kikubaaqudgha
Nemelex Xobeh
Okawaru
Qazlal
Sif Muna
Trog
Uskayaw
Vehumet
Wu Jian
Xom
Yredelemnul
Zin
The Shining One


Innate Abilities, Weirdness & Mutations

You are resistant to damage.
You can heal yourself by infusing magical energy.
You passively map a small area around you.
You do not regenerate.


Message History

Kikubaaqudgha accepts your kill.
You can now receive cadavers from Kikubaaqudgha.
Kikubaaqudgha grants you a gift!
You add the spell Sublimation of Blood to your library.
Okay, then.
Okay, then.
The electric eel shoots out a bolt of lightning at you!
The bolt of electricity misses you.
Press: ? - help, v - describe, . - travel A tree.
The electric eel shoots out a bolt of lightning at you!
The bolt of electricity hits you!
* * * LOW HITPOINT WARNING * * *
Casting: Vampiric Draining (safe; 1% risk of failure)
Confirm with . or Enter, or press ? or * to list all spells.
Aiming: Vampiric Draining (safe; 1% risk of failure)
Press: ? - help, Shift-Dir - straight line, f - electric eel
Aim: an electric eel You draw life force from the electric eel!
You kill the electric eel!
Kikubaaqudgha accepts your kill.
You feel life coursing into your body!
Your Spellcasting skill increases to level 5! 2 electric eels come into view.
A centaur comes into view.
The electric eel shoots out a bolt of lightning at you!
The bolt of electricity hits you!
* * * LOW HITPOINT WARNING * * *
You enter the shallow water.
Moving in this stuff is going to be slow.
The centaur shouts!
The centaur wields a +1 vorpal shortbow.
The centaur shoots an arrow.
The arrow hits you.
* * * LOW HITPOINT WARNING * * *
The electric eel shoots out a bolt of lightning at you!
The bolt of electricity hits you!
* * * LOW HITPOINT WARNING * * *
The centaur shoots an arrow.
The arrow hits you.
You die...
Kikubaaqudgha rasps: "You have failed me!
Welcome... death!"

#...###........#
** ...
#............##
.... ,,
####..........#
#....
##.........##....
#.........#..#
#...........#
#...........#*
#....(.$.♣≈♣♣♣♣..
#.......♣@≈≈≈P≈≈.
##......≈PS≈≈≈S≈≈
#......≈≈≈≈≈≈≈≈≈≈
##....♣≈≈P≈P≈≈≈≈
##..≈≈≈≈≈≈≈≈≈≈≈ ≈
#c..♣≈≈≈.P≈≈≈≈≈
#.......≈..≈...
#.............. ,


You could see a centaur and 2 electric eels.

Vanquished Creatures
  A steam dragon (D:4)
  Edmund (D:5)
  2 necrophages (D:4)
  2 ice beasts
  A black bear (D:6)
  A sky beast (D:5)
  2 centaurs
  A bullfrog (D:6)
  3 scorpions
  A water moccasin zombie (D:6)
  2 water moccasin skeletons
  3 electric eels (D:6)
  A centaur zombie (D:6)
  A hound (D:6)
  A centaur skeleton (D:6)
  An iguana (D:6)
  A killer bee zombie (D:6)
  A hound zombie (D:5)
  A howler monkey zombie (D:5)
  8 gnolls
  6 adders
  A shadow imp (D:6)
  An adder skeleton (D:4)
  2 worms (D:2)
  2 dart slugs (D:1)
  5 orcs (D:3)
  6 ball pythons
  5 endoplasms
  4 goblins
  6 hobgoblins
  4 jackals (D:2)
  2 quokkas
  4 bats
  8 kobolds
  9 rats
  A butterfly (D:4)
101 creatures vanquished.

Vanquished Creatures (collateral kills)
  An orc priest (D:3)
  An adder (D:5)
  A kobold (D:3)
3 creatures vanquished.

Vanquished Creatures (others)
  17 plants (D:6)
17 creatures vanquished.

Grand Total: 121 creatures vanquished

Notes
Turn   | Place    | Note
-------+----------+-------------------------------------------
     0 | D:1      | wingedge the Deep Dwarf Necromancer began the quest for the
                  | Orb.
     0 | D:1      | Reached XP level 1. HP: 15/15 MP: 3/3
   275 | D:1      | Reached XP level 2. HP: 22/22 MP: 5/5
   649 | D:1      | Reached XP level 3. HP: 14/28 MP: 6/6
  1243 | D:2      | Found a faded altar of an unknown god.
  1346 | D:2      | Reached skill level 5 in Necromancy
  1350 | D:2      | Reached XP level 4. HP: 33/37 MP: 5/7
  1572 | D:2      | Learned a level 3 spell: Vampiric Draining
  1575 | D:2      | Reached skill level 1 in Armour
  1617 | D:2      | Learned a level 1 spell: Animate Skeleton
  2103 | D:3      | Reached skill level 1 in Axes
  2326 | D:3      | Reached skill level 1 in Fighting
  2326 | D:3      | Reached XP level 5. HP: 35/44 MP: 0/8
  2772 | D:4      | Noticed a necrophage
  2788 | D:4      | Killed a necrophage
  2789 | D:4      | Reached XP level 6. HP: 34/51 MP: 9/9
  2806 | D:4      | Reached skill level 6 in Necromancy
  2848 | D:4      | Found a stormy altar of Qazlal.
  3026 | D:4      | Found a staircase to the Ecumenical Temple.
  3067 | Temple   | Entered the Ecumenical Temple
  3190 | Temple   | Became a worshipper of Kikubaaqudgha
  3608 | D:4      | Noticed a steam dragon
  3623 | D:4      | Noticed an ice beast
  3626 | D:4      | Killed a steam dragon
  3627 | D:4      | Reached skill level 7 in Necromancy
  3627 | D:4      | Reached XP level 7. HP: 24/60 MP: 11/11
  3732 | D:5      | Entered Level 5 of the Dungeon
  3799 | D:5      | Learned a level 4 spell: Animate Dead
  3893 | D:5      | Noticed Edmund
  3903 | D:5      | Killed Edmund
  4229 | D:5      | Reached XP level 8. HP: 49/67 MP: 13/13
  4230 | D:5      | Reached skill level 8 in Necromancy
  5479 | D:6      | Reached skill level 9 in Necromancy
  5769 | D:6      | Reached * piety under Kikubaaqudgha
  5769 | D:6      | Received a gift from Kikubaaqudgha
  5804 | D:6      | Reached skill level 5 in Spellcasting
  5814 | D:6      | HP: 3/67 [electric eel/bolt of electricity (8)]
  5814 | D:6      | Shot with an arrow by a centaur

Illustrated notes

Levels and vault maps discovered:
D:1:      zaba_arrival_water, layout_rooms
D:2:      layout_loops_ring, dreamdust_ecumenical_altar_statues
D:3:      layout_rooms, item_on_display_a
D:4:      layout_basic, grunt_qazlal_clouds, minmay_temple_entry_butterflies,
          minmay_small_thing
D:5:      layout_gridville, uniq_edmund
D:6:      layout_cave_pods, serial_bayou, serial_bayou_ford_a,
          serial_bayou_crossing, serial_bayou_lake_a, serial_bayou_pond_d,
          grunt_ministairs_6, hangedman_decor_riveting
Temple:   eino_temple_scatter_basement

Skill      XL: |  1  2  3  4  5  6  7  8 |
---------------+-------------------------+-----
Stealth        | 3 |  3.4
Spellcasting   | 2 3 4 5 |  5.0
Necromancy     | 5 7 9 |  9.5
Armour         | 1 2 3 4 |  4.0
Axes           | 1 2 4 |  4.2
Fighting       | 1 2 |  2.0
Dodging        | |  2.3

Action                   |  1- 3 |  4- 6 |  7- 9 || total
-------------------------+-------+-------+-------++-------
Melee: Hand axe          |       |    51 |    87 ||   138
       Punch             |       |     1 |     2 ||     3
 Cast: Pain              |    56 |    68 |    17 ||   141
       Animate Skeleton  |       |    10 |     2 ||    12
       Vampiric Draining |       |    13 |    36 ||    49
       Animate Dead      |       |       |     2 ||     2
 Abil: Heal Wounds       |     1 |     2 |       ||     3
Evoke: Wand              |       |     8 |       ||     8
  Use: Scroll            |       |     3 |     2 ||     5
 Stab: Paralysed         |       |    16 |       ||    16
       Distracted        |       |       |     1 ||     1
       Sleeping          |       |       |     1 ||     1
Armor: Leather armour    |     1 |    16 |       ||    17
       Steam dragon scal |       |       |    61 ||    61
Dodge: Dodged            |     6 |    46 |   106 ||   158
